Map: Galactic Process LE

Players

SortOf - Winner!

  • Race: Zerg Zerg
  • League: Master

Major (SpeCial)

  • Race: Terran Terran
  • League: Master

Event: DreamHack ZOWIE Open Valencia 2016

VOD

https://www.youtube.com/watch?v=thKY7uO_jRk

Description

Time

  • Played on: July 15, 2016, 7:16 a.m.
  • Length: 15:44

All games in this series

Show
View Real Time Build Order
Export as new Build Order

SortOf Zerg - Winner!

Build Orders: Hatch First 

Get SALT Encoding   

  12  0:00  Drone  
  13  0:13  Overlord  
  13  0:17  Drone  
  14  0:32  Drone x2  
  16  0:35  Drone  
  17  0:47  Drone  
  18  0:56  Hatchery  
  17  0:59  Drone  
  17  1:01  Extractor  
  17  1:08  Drone  
  18  1:18  Spawning Pool  
  17  1:21  Drone  
  18  1:29  Drone  
  19  1:40  Overlord  
  19  1:52  Drone  
  20  2:04  Metabolic Boost, Queen  
  20  2:05  Zergling x2  
  20  2:07  Queen  
  25  2:08  Zergling x2  
  25  2:12  Zergling x2  
  27  2:19  Zergling x2  
  28  2:24  Drone  
  29  2:32  Drone  
  29  2:34  Drone  
  31  2:40  Queen  
  31  2:43  Overlord  
  33  2:45  Drone  
  33  2:48  Pneumatized Carapace  
  34  2:52  Drone  
  34  3:03  Drone x2  
  36  3:06  Drone  
  37  3:13  Overlord  
  37  3:14  Drone x3  
  37  3:18  Drone x3  
  43  3:27  Overlord  
  43  3:37  Hatchery  
  42  3:42  Drone x2, Queen  
  46  3:53  Drone x2  
  48  3:57  Overlord  
  48  3:58  Drone x3  
  51  4:06  Lair  
  51  4:07  Overlord  
  51  4:08  Zergling x6  
  51  4:09  Zergling x2  
  55  4:13  Extractor  
  55  4:16  Drone  
  55  4:18  Queen  
  55  4:22  Evolution Chamber  
  56  4:25  Evolution Chamber  
  56  4:26  Drone x3  
  56  4:28  Spore Crawler  
  56  4:29  Drone  
  58  4:31  Drone  
  58  4:32  Drone  
  60  4:39  Drone  
  60  4:45  Drone  
  62  4:48  Roach Warren, Extractor  
  62  4:51  Zergling x4  
  62  4:54  Drone, Queen  
  62  4:55  Drone  
  66  5:04  Drone x4  
  67  5:08  Overseer  
  67  5:10  Drone x2  
  69  5:16  Drone x3  
  69  5:19  Zerg Ground Armor Level 1  
  72  5:21  Drone  
  72  5:22  Drone  
  72  5:25  Zerg Melee Weapons Level 1  
  72  5:26  Drone x2  
  76  5:30  Drone  
  76  5:34  Overlord  
  77  5:36  Drone x2  
  77  5:37  Glial Reconstitution  
  77  5:40  Extractor  
  77  5:42  Roach  
  80  5:54  Roach x2  
  80  5:56  Drone  
  80  5:57  Drone x4, Infestation Pit  
  87  5:59  Extractor  
  87  6:00  Extractor  
  86  6:05  Drone x2  
  86  6:06  Drone  
  86  6:09  Overlord  
  86  6:11  Overlord  
  89  6:34  Hive  
  89  6:35  Roach x7  
  89  6:36  Roach  
  89  6:38  Overlord  
  89  6:39  Hatchery  
  104  6:40  Overlord  
  104  6:42  Drone  
  104  6:43  Overlord  
  105  6:47  Overlord x2  
  105  6:57  Ravager  
  106  7:02  Drone x2  
  106  7:03  Drone x5, Infestor  
  106  7:04  Infestor  
  114  7:15  Roach x3  
  120  7:16  Roach x5  
  120  7:22  Zergling x2, Spore Crawler  
  130  7:23  Zergling x8  
  130  7:28  Zerg Ground Armor Level 2  
  133  7:38  Zerg Melee Weapons Level 2  
  132  7:44  Zergling x2  
  132  7:45  Zergling x2  
  132  7:46  Zergling x8  
  133  7:52  Drone x2, Overlord  
  133  7:53  Ultralisk Cavern  
  133  7:56  Drone x4  
  138  7:59  Drone  
  138  8:01  Spore Crawler  
  138  8:04  Ravager x2, Overseer  
  138  8:05  Ravager, Overlord  
  141  8:06  Zergling x2, Extractor x2  
  141  8:07  Zergling x8  
  144  8:23  Overlord  
  144  8:29  Overlord  
  144  8:31  Roach x3  
  144  8:32  Roach x5  
  139  8:42  Roach  
  139  8:43  Roach x9  
  139  8:44  Zergling x2  
  139  8:47  Chitinous Plating  
  156  8:59  Zergling x8, Ultralisk  
  165  9:08  Infestor  
  167  9:14  Infestor  
  166  9:19  Overseer  
  161  9:24  Overlord  
  150  9:32  Ultralisk x2  
  150  9:33  Ultralisk  
  150  9:38  Drone x2  
  167  9:39  Drone  
  167  9:45  Drone  
  169  9:49  Queen  
  165  10:02  Zergling x6  
  165  10:04  Overlord  
  165  10:06  Overseer  
  167  10:10  Spire  
  166  10:19  Overlord x2  
  166  10:21  Overseer  
  166  10:22  Queen, Zerg Ground Armor Level 3  
  166  10:26  Infestor x2  
  172  10:32  Drone x3  
  175  10:42  Hatchery  
  158  10:47  Ravager x3  
  158  10:48  Ravager x2  
  156  10:52  Drone x3  
  156  10:53  Drone x2  
  156  10:54  Drone x3  
  164  11:02  Infestor  
  162  11:09  Zergling x24  
  174  11:11  Queen  
  174  11:12  Queen  
  178  11:19  Ravager  
  178  11:20  Ravager x2  
  178  11:24  Overlord  
  181  11:26  Ultralisk Cavern  
  177  11:40  Drone x2  
  179  11:50  Zergling x26  
  190  12:03  Infestor x5  
  194  12:19  Zerg Flyer Weapons Level 1  
  194  12:22  Zergling x4  
  190  12:25  Adrenal Glands  
  184  12:34  Zergling x2  
  184  12:35  Zergling x24  
  179  12:47  Nydus Network  
  179  12:49  Drone  
  179  12:50  Drone x7  
  186  12:52  Queen  
  186  12:56  Ultralisk x2  
  200  13:04  Overlord  
  200  13:09  Overlord  
  190  13:27  Zergling x4  
  190  13:28  Zergling x16  
  192  13:36  Ravager x3  
  192  13:37  Ravager  
  192  13:39  Drone  
  192  13:40  Drone x2  
  196  13:47  Corruptor  
  196  13:48  Corruptor  
  199  13:50  Extractor  
  199  13:52  Extractor x2  
  199  13:53  Spore Crawler  
  179  13:58  Ultralisk x2  
  179  13:59  Corruptor  
  179  14:02  Drone  
  192  14:04  Zergling x8  
  192  14:05  Drone x2  
  192  14:06  Drone  
  198  14:11  Overseer  
  198  14:12  Spore Crawler  
  197  14:18  Hatchery  
  197  14:20  Corruptor  
  198  14:25  Overseer  
  186  14:40  Zergling x4, Ultralisk x2  
  200  14:46  Nydus Canal  
  198  15:00  Spore Crawler  
  196  15:12  Zergling x18  
Show
View Real Time Build Order
Export as new Build Order

Major Terran 

Build Orders: Hellion Banshee, MMM Bio 

Get SALT Encoding   

  12  0:01  SCV  
  13  0:13  SCV  
  14  0:17  Supply Depot  
  14  0:25  SCV  
  14  0:28  Refinery  
  15  0:39  SCV  
  16  0:45  Barracks  
  16  0:51  SCV  
  17  1:03  SCV  
  18  1:15  SCV  
  20  1:33  Reaper  
  20  1:34  Orbital Command  
  20  1:44  Command Center  
  20  1:56  Factory  
  20  2:00  SCV  
  21  2:07  Barracks Reactor  
  21  2:10  Supply Depot  
  21  2:14  SCV  
  22  2:23  Refinery  
  22  2:26  SCV  
  23  2:38  SCV  
  24  2:46  Starport  
  24  2:50  SCV  
  25  2:53  Hellion x2  
  25  2:55  Reaper  
  30  3:02  SCV  
  30  3:04  Orbital Command  
  30  3:14  SCV  
  30  3:18  Hellion x2  
  35  3:23  Starport Tech Lab  
  35  3:26  Supply Depot  
  35  3:30  SCV x2  
  37  3:42  Banshee  
  37  3:43  Hellion  
  37  3:47  Hellion  
  37  3:48  SCV  
  45  3:50  SCV  
  46  3:59  Supply Depot  
  46  4:02  SCV x2  
  48  4:09  Barracks Tech Lab  
  48  4:18  SCV x2  
  48  4:20  Command Center  
  50  4:25  Supply Depot  
  50  4:30  SCV x2  
  50  4:31  Marine, Stimpack  
  52  4:32  Liberator  
  52  4:34  Barracks  
  53  4:40  Barracks  
  53  4:45  SCV x2, Factory Reactor  
  58  4:54  Marine  
  58  4:57  SCV  
  58  4:58  SCV  
  61  5:09  SCV  
  61  5:10  SCV  
  61  5:13  Marine, Engineering Bay  
  61  5:14  Engineering Bay  
  61  5:22  Supply Depot, SCV x2  
  61  5:24  Liberator  
  61  5:26  Marine x2, Refinery  
  61  5:27  Refinery  
  65  5:31  Factory Reactor  
  65  5:34  SCV x2, Orbital Command  
  65  5:35  Marine x3  
  73  5:46  SCV x2, Marine x2  
  77  5:52  Marine  
  77  5:55  Terran Infantry Armor Level 1, Terran Infantry Weapons Level 1  
  77  5:56  Marine x2  
  80  5:58  SCV  
  80  5:59  SCV  
  80  6:00  SCV  
  80  6:04  Marine  
  83  6:07  Marine  
  83  6:10  SCV, Marine  
  84  6:14  Marine  
  84  6:15  Barracks  
  84  6:16  SCV x2, Factory Reactor  
  84  6:17  Barracks  
  87  6:19  Marine  
  87  6:21  Marine  
  87  6:22  SCV  
  87  6:23  Supply Depot  
  87  6:25  Marine  
  91  6:28  SCV  
  91  6:29  Supply Depot, SCV  
  93  6:42  Supply Depot  
  93  6:44  Marine x5, Medivac, SCV  
  93  6:45  Medivac  
  103  6:47  Supply Depot, SCV x2  
  105  6:54  Widow Mine x2  
  105  6:56  SCV  
  108  7:02  Marine x5  
  108  7:04  Barracks Reactor  
  108  7:06  Barracks Reactor  
  113  7:08  SCV x3  
  113  7:12  Supply Depot  
  113  7:17  Combat Shields, Medivac x2  
  113  7:20  Marine x4  
  113  7:21  SCV x2  
  113  7:22  SCV  
  124  7:23  Armory  
  124  7:24  Widow Mine  
  124  7:25  Widow Mine  
  124  7:26  Marine  
  129  7:37  Marine x4  
  129  7:43  Marine x2  
  135  7:47  Marine x3  
  135  7:50  Medivac x2  
  137  7:53  Widow Mine x2, Refinery  
  137  7:55  Barracks  
  137  7:56  Barracks  
  141  7:58  Supply Depot  
  141  7:59  Supply Depot  
  141  8:04  Supply Depot  
  141  8:16  Terran Infantry Weapons Level 2  
  141  8:17  Terran Infantry Armor Level 2  
  141  8:19  Marine x6  
  141  8:20  Marine x2, Marauder  
  151  8:37  Marine x6  
  151  8:38  Marine x2  
  142  8:41  Marauder  
  142  8:45  Medivac  
  142  8:46  Medivac  
  144  8:54  Barracks Tech Lab  
  144  8:55  Marine x6, Barracks Tech Lab  
  142  8:56  Marine x2  
  142  8:57  Starport  
  142  8:58  Liberator x2  
  142  8:59  Refinery  
  146  9:03  Marauder  
  145  9:12  Command Center  
  145  9:13  Marine x5, Missile Turret  
  149  9:17  Marine  
  149  9:18  Widow Mine  
  149  9:19  Widow Mine  
  149  9:21  Marine x2, Marauder  
  149  9:22  Marauder  
  156  9:24  Marauder  
  156  9:31  Marine x5  
  152  9:35  Marine  
  152  9:39  Marine x2  
  152  9:43  Marauder x2  
  152  9:45  Marine  
  152  9:47  Starport Reactor  
  152  9:48  SCV x3  
  152  9:49  Marine x3  
  152  9:50  Marine  
  160  9:56  Liberator  
  160  9:58  Liberator  
  153  10:00  SCV  
  153  10:03  Marine, Marauder  
  153  10:04  Marine x2, Marauder x2  
  155  10:08  Marine x3  
  161  10:19  Liberator  
  164  10:24  Liberator  
  164  10:25  Marauder  
  164  10:26  Marine x3, Marauder x2  
  173  10:30  Planetary Fortress  
  173  10:39  Liberator  
  173  10:41  Liberator  
  154  10:45  Marine x2  
  154  10:46  Marauder  
  154  10:47  Marauder x2  
  160  10:50  Marine  
  162  11:02  Liberator  
  156  11:07  Liberator  
  156  11:08  Marauder x2  
  159  11:11  Refinery  
  159  11:13  Marine x4, Marauder, Missile Turret  
  159  11:14  Marine  
  159  11:15  Marine  
  167  11:18  Marine  
  167  11:20  Widow Mine x2  
  167  11:24  Liberator  
  178  11:25  Marine  
  178  11:31  Marauder  
  178  11:32  Marine, Marauder  
  175  11:34  Marine x2, Marauder  
  175  11:36  Marine x2  
  175  11:39  Medivac  
  179  11:45  Supply Depot  
  179  11:46  Supply Depot  
  179  11:49  Widow Mine, Liberator  
  179  11:51  Liberator  
  179  11:53  Marauder x2  
  185  11:54  Marine x3  
  185  12:01  Marine  
  187  12:06  Marine  
  187  12:07  Marauder, Medivac  
  196  12:14  Marauder x2, Terran Infantry Weapons Level 3  
  196  12:15  Refinery  
  196  12:25  Marine  
  196  12:27  Marine  
  196  12:28  Marauder  
  197  12:30  Liberator  
  197  12:32  Medivac, Liberator  
  197  12:36  Marauder  
  186  12:38  Marine x3, Marauder  
  186  12:39  Marine x2  
  186  12:40  Command Center  
  186  12:42  Marine  
  186  12:43  Marine  
  190  12:49  Marine  
  190  12:50  Marauder  
  197  12:54  Widow Mine  
  197  12:55  Marine  
  191  13:22  Marine x3, Marauder  
  191  13:25  Marine x2  
  191  13:26  Marine x3  
  191  13:27  Marine, Marauder  
  156  13:52  Marine  
  156  13:53  Marine x2  
  155  14:01  Supply Depot  
  153  14:03  Supply Depot  
  153  14:04  Supply Depot  
  153  14:08  Liberator x2  
  152  14:13  Supply Depot x2, Refinery  
  152  14:14  Supply Depot  
  152  14:23  Supply Depot x2, SCV, Marauder  
  155  14:24  Marine x6  
  155  14:25  Supply Depot, SCV x2, Marauder  
  155  14:27  Liberator x2  
  171  14:32  Marine  
  171  14:34  Marauder  
  171  14:37  SCV  
  161  14:44  Marauder  
  169  14:46  Marauder, Planetary Fortress  
  171  14:57  Marauder, Missile Turret  
  172  15:08  Medivac x2  
  172  15:12  Marine x3, Marauder  
  159  15:16  Marine  
  159  15:17  Marine, Marauder  
  163  15:26  Missile Turret  

Tags
 
Add a new tag
Caveats
  • Supply blocks, unpowered buildings, or Contaminate may cause inaccurate times.
  • Supply counts are checked every 10 seconds.